 Dungeon Sprint DCSS version 0.23-a0-808-gd21de94 (webtiles) character file.

108 Lanoc the Slasher (level 4, -2/39 HPs)
             Began as a Demonspawn Berserker on Jan 21, 2019.
             Was a Priest of Trog.
             Slain by a sky beast (4 damage)
             ... in the Dungeon (Sprint IX: "|||||||||||||||||||||||||||||").
             The game lasted 00:00:28 (237 turns).

Lanoc the Slasher (Demonspawn Berserker)             Turns: 237, Time: 00:00:28

Health: -2/39      AC:  2    Str: 19    XL:     4   Next: 58%
Magic:  4/4        EV: 13    Int:  8    God:    Trog [***...]
Gold:   0          SH:  0    Dex: 12    Spells: 3/3 levels left

rFire    . . .     SeeInvis .   a - +0 falchion
rCold    . . .     Gourm    .   (no shield)
rNeg     . . .     Faith    .   b - +0 animal skin
rPois    .         Spirit   .   (helmet restricted)
rElec    .         Reflect  .   (no cloak)
rCorr    .         Harm     .   (no gloves)
MR       .....     NoTele   +   (no boots)
Stlth    +.........             (no amulet)
HPRegen  0.13/turn              (no ring)
MPRegen  0.09/turn              (no ring)

@: berserk cooldown, slowed, very slow
A: horns 1
a: Berserk, Trog's Hand, Renounce Religion


You were in the Dungeon.
You worshipped Trog.
Trog was most pleased with you.
You were not hungry.

You visited 1 branch

Inventory:

Hand Weapons
 a - a +0 falchion (weapon)
Armour
 b - a +0 animal skin (worn)
Scrolls
 i - a scroll of blinking
Potions
 f - a potion of haste
 g - 2 potions of magic
 h - a potion of berserk rage
Comestibles
 c - a ration
 j - 4 chunks of flesh


   Skills:
 + Level 5.0 Fighting
 * Level 5.9 Long Blades
 + Level 4.0 Armour
 + Level 4.0 Dodging


You had 3 spell levels left.
You didn't know any spells.
Your spell library was empty.

Dungeon Overview and Level Annotations

Branches:
Dungeon (1/1)

Altars:


Innate Abilities, Weirdness & Mutations

You have a pair of small horns on your head.


Message History

You closely miss something. Your headbutt misses something.
Something hits you but does no damage. Something hits you.
Something shocks you.
You hit something. You headbutt something. Something hits you.
Something shocks you.
You feel better. Something hits you. Something shocks you.
Something hits you but does no damage.
You feel much better. Something hits you but does no damage.
You closely miss something. Your headbutt misses something. Something hits you.
Something shocks you. Something hits you. Something shocks you.
You barely miss something. Something hits you. Something shocks you.
* * * LOW HITPOINT WARNING * * *
Something hits you.
* * * LOW HITPOINT WARNING * * *
Something shocks you.
* * * LOW HITPOINT WARNING * * *
There is an open door here.
You see here a scorpion corpse.
Something hits you.
You die...

▓<▓
▓.▓
▓.▓
▓.▓
▓'▓
▓(▓
▓.▓
▓.▓
▓@▓
▓.▓
▓†▓
▓†▓
▓.▓
▓.▓
▓.▓
▓.▓
▓+▓


There were no monsters in sight!

Vanquished Creatures
  A scorpion (D)
  A hound (D)
  A worker ant (D)
  A hobgoblin (D)
  2 bats (D)
  A frilled lizard (D)
  A kobold (D)
  A rat (D)
9 creatures vanquished.

Notes
Turn   | Place    | Note
-------+----------+-------------------------------------------
     0 | D        | Lanoc the Demonspawn Berserker began the quest for the Orb.
     0 | D        | Reached XP level 1. HP: 18/18 MP: 1/1
    16 | D        | Reached ** piety under Trog
   214 | D        | Noticed a scorpion
   214 | D        | Noticed a worker ant
   214 | D        | Noticed a hound
   214 | D        | Noticed a sky beast
   219 | D        | Killed a scorpion
   219 | D        | Reached skill level 5 in Long Blades
   219 | D        | Gained mutation: You have a pair of small horns on your
                  | head. [demonic ancestry]
   219 | D        | Reached XP level 2. HP: 26/26 MP: 2/2
   219 | D        | Reached XP level 3. HP: 31/31 MP: 3/3
   220 | D        | Reached *** piety under Trog
   224 | D        | Reached XP level 4. HP: 38/38 MP: 4/4
   227 | D        | Reached skill level 5 in Fighting
   237 | D        | Slain by a sky beast

Vault maps used:
D:        linesprint

Skill      XL: |  1  2  3  4 |
---------------+-------------+-----
Long Blades    | 5 |  5.9
Armour         | 3 4 |  4.0
Dodging        | 3 4 |  4.0
Fighting       | 4 5 |  5.0

Action                   |  1- 3 |  4- 6 || total
-------------------------+-------+-------++-------
Melee: Falchion          |    26 |     7 ||    33
       Headbutt          |     1 |     1 ||     2
Invok: Berserk           |     1 |       ||     1
  Use: Potion            |       |     2 ||     2
Armor: Animal skin       |     5 |     3 ||     8
Dodge: Dodged            |    19 |     1 ||    20
       Rpst.: Falchion   |     7 |     1 ||     8

Table legend:
 A = Non-vault XP
 B = Vault XP
 C = Vault XP percentage of total XP
 D = Non-vault monster count
 E = Vault monster count
 F = Vault count percentage of total count
                 A         B        C        D         E       F
            +---------+---------+-------+---------+---------+-------
      Total |       0 |     155 | 100.0 |       0 |       9 | 100.0
            +---------+---------+-------+---------+---------+-------
          D |       0 |     155 | 100.0 |       0 |       9 | 100.0
            +---------+---------+-------+---------+---------+-------
